 Dungeon Crawl Stone Soup version 0.25.1-2-g60ff931df9 (webtiles) character file.

Game seed: 15004261263873075173

57587 DearestLeader the Earth Mage (level 14, -3/68 HPs)
             Began as a Gargoyle Earth Elementalist on Sept 18, 2020.
             Was an Elder of Vehumet.
             Slain by a stone giant (35 damage)
             ... on level 9 of the Dungeon on Sept 19, 2020.
             The game lasted 01:34:56 (29454 turns).

DearestLeader the Earth Mage (GrEE)                Turns: 29454, Time: 01:34:58

Health: -3/68      AC: 16    Str: 12    XL:     14   Next: 86%
Magic:  1/28       EV: 16    Int: 21    God:    Vehumet [****..]
Gold:   1315       SH:  0    Dex: 10    Spells: 2/33 levels left

rFire    + + .     SeeInvis .   f - +3 short sword (speed)
rCold    + . .     Gourm    .   (no shield)
rNeg     + . .     Faith    .   k - +2 robe {rC+}
rPois    ∞         Spirit   .   q - +0 helmet
rElec    +         Reflect  .   m - scarf {repulsion}
rCorr    .         Harm     .   (no gloves)
MR       ++...                  X - +0 pair of boots
Stlth    ++........             J - amulet "Deiwoev" {Acrobat *Corrode rElec MR+}
HPRegen  0.21/turn              V - ring of protection from fire
MPRegen  0.21/turn              u - ring of protection from fire

@: very slightly contaminated, repel missiles
A: big wings, negative energy resistance 1, electricity resistance, unbreathing,
petrification resistance, rot immunity, AC +10
a: Fly, Renounce Religion


You were on level 9 of the Dungeon.
You worshipped Vehumet.
Vehumet was greatly pleased with you.
You were very hungry.

You visited 4 branches of the dungeon, and saw 20 of its levels.

You collected 1341 gold pieces.
You spent 26 gold pieces at shops.

Inventory:

Hand Weapons
 a - the +7 sceptre of Torment {pain, torment}
   (You found it on level 4 of the Dungeon)

   In the hands of one skilled in necromantic magic, it inflicts extra damage on
   living creatures.
 f - a +3 short sword of speed (weapon)
 N - a +2 vorpal quarterstaff
Missiles
 b - 31 stones (quivered)
Armour
 k - a +2 robe of cold resistance (worn)
 m - a scarf of repulsion (worn)
 q - a +0 helmet (worn)
 X - a +0 pair of boots (worn)
Magical Staves
 K - an uncursed staff of poison
 T - an uncursed staff of cold
Jewellery
 l - an uncursed amulet of guardian spirit
 s - an uncursed ring of see invisible
 u - a ring of protection from fire (right hand)
 v - an uncursed ring of resist corrosion
 A - an uncursed ring of protection from fire
 J - the amulet "Deiwoev" (around neck) {Acrobat *Corrode rElec MR+}
   (You found it on level 4 of the Dungeon)

   [amulet of the acrobat]

   It helps you evade while moving and waiting.
   It insulates you from electricity.
   It affects your resistance to hostile enchantments.
   It may corrode you when you take damage.
 R - a +4 ring of evasion {unknown}
 V - a ring of protection from fire (left hand)
 Z - an uncursed amulet of regeneration
Wands
 c - a wand of paralysis (9)
 E - a wand of random effects (22)
 M - a wand of enslavement (6)
 S - a wand of iceblast (26)
Scrolls
 g - 3 scrolls of enchant weapon
 j - 3 scrolls of fog
 p - 6 scrolls of remove curse
 t - 6 scrolls of enchant armour
 w - 2 scrolls of random uselessness {unknown}
 x - 4 scrolls of fear
 y - 2 scrolls of brand weapon {unknown}
 C - 4 scrolls of amnesia
 D - 3 scrolls of teleportation
 F - 2 scrolls of magic mapping {unknown}
 I - a scroll of vulnerability {unknown}
 L - 4 scrolls of immolation
 O - 2 scrolls of blinking {unknown}
 U - a scroll of silence {unknown}
Potions
 e - 2 potions of brilliance
 h - 3 potions of might
 i - 4 potions of stabbing
 n - 2 potions of cancellation
 o - a potion of mutation {unknown}
 r - 5 potions of berserk rage
 B - 5 potions of curing
 H - a potion of ambrosia {unknown}
 Q - 4 potions of heal wounds
 W - a potion of magic {unknown}
Miscellaneous
 z - a phantom mirror
Comestibles
 d - 25 rations
 G - 3 chunks of flesh


   Skills:
 + Level 9.0 Dodging
 - Level 2.1 Stealth
 + Level 10.0 Spellcasting
 + Level 11.6 Conjurations
 - Level 4.0 Charms
 - Level 0.7 Transmutations
 - Level 3.0 Air Magic
 * Level 18.4 Earth Magic
 - Level 5.6 Poison Magic


You had 2 spell levels left.
You knew the following spells:

 Your Spells              Type           Power        Failure   Level  Hunger
a - Sandblast             Erth           ######       0%          1    None
b - Stone Arrow           Conj/Erth      ######       1%          3    None
c - Lee's Rapid Deconstr  Erth           ######....   1%          5    ####...
d - Petrify               Tmut/Erth      ######..     1%          4    ##.....
e - Passwall              Tmut/Erth      ######..     1%          2    None
f - Mephitic Cloud        Conj/Pois/Air  #####...     1%          3    None
g - Swiftness             Chrm/Air       ####....     2%          2    None
h - Bolt of Magma         Conj/Fire/Erth ######....   1%          5    ####...
i - Iron Shot             Conj/Erth      ######....   1%          6    ######.

Your spell library contained the following spells:

 Spells                   Type           Power        Failure   Level  Hunger
 Olgreb's Toxic Radiance  Pois           ####....     1%          4    ##.....
 Magic Dart               Conj           ####         1%          1    None
 Shock                    Conj/Air       ####         1%          1    None
 Sting                    Tmut/Pois      ###.         1%          1    None
 Beastly Appendage        Tmut           ##....       4%          1    None
 Animate Skeleton         Necr           N/A          6%          1    None
 Apportation              Tloc           ##....       6%          1    None
 Corona                   Hex            ##.....      6%          1    None
 Summon Small Mammal      Summ           ##..         6%          1    None
 Sticks to Snakes         Tmut           ##......     8%          2    None
 Blink                    Tloc           N/A          10%         2    None
 Call Imp                 Summ           ##......     10%         2    None
 Slow                     Hex            ##......     10%         2    None
 Conjure Flame            Conj/Fire      ####....     1%          3    None
 Static Discharge         Conj/Air       #####...     1%          3    None
 Leda's Liquefaction      Hex/Erth       #####.....   1%          4    ##.....
 Lightning Bolt           Conj/Air       #####.....   2%          5    ####...
 Inner Flame              Hex/Fire       ##......     5%          3    None
 Spider Form              Tmut/Pois      ###.......   5%          3    None
 Airstrike                Air            ###.......   5%          4    ##.....
 Orb of Destruction       Conj           ######....   13%         7    #######
 Portal Projectile        Hex/Tloc       ##....       19%         3    None
 Freezing Cloud           Conj/Ice/Air   ####......   32%         6    ######.
 Ice Form                 Ice/Tmut       ##......     50%         4    ##.....
 Cause Fear               Hex            ##........   54%         4    ##.....
 Blade Hands              Tmut           ##........   80%         5    ####...
 Hydra Form               Tmut           ##........   100%        6    ######.
 Statue Form              Tmut/Erth      Unusable     N/A         6    N/A

Dungeon Overview and Level Annotations

Branches:
Dungeon (12/15)            Temple (1/1) D:4            Lair (6/6) D:11
  Swamp (0/4) Lair:3       Spider (0/4) Lair:4        Slime (0/5) Lair:5
    Orc (1/2) D:9

Altars:
Ashenzari
Cheibriados
Dithmenos
Elyvilon
Fedhas
Gozag
Hepliaklqana
Kikubaaqudgha
Makhleb
Nemelex Xobeh
Okawaru
Qazlal
Ru
Sif Muna
Trog
Uskayaw
Vehumet
Wu Jian
Xom
Yredelemnul
Zin
The Shining One
Jiyva

Shops:
D:4 ?   D:9 [   D:11 !

Annotations:
D:4 2 runed translucent doors
D:9 2 transporters
Lair:5 exclusion: 3 oklob plants


Innate Abilities, Weirdness & Mutations

You are resistant to torment.
Your stone body is resilient. (AC +10)
You are immune to poison.
Your large and strong wings let you fly indefinitely.
You resist negative energy. (rN+)
You are resistant to electric shocks. (rElec)
You can survive without breathing.
You are immune to petrification.
You are immune to rotting.


Message History

The iron shot hits the stone giant!!
The stone giant is almost dead.
The orc misses you. The orc hits you but does no damage.
The stone giant hits you!!
* * * LOW HITPOINT WARNING * * *
There are monsters nearby!
You feel much better. The orc closely misses you.
The stone giant closely misses you. The orc completely misses you.
Casting: Iron Shot (dangerous; 1% risk of failure)
Confirm with . or Enter, or press ? or * to list all spells.
Aiming: Sandblast (safe; 0% risk of failure)
Press: ? - help, Shift-Dir - straight line, f/p - stone giant
Aim: a stone giant (almost dead)
The blast of sand hits the stone giant but does no damage.
The stone giant is almost dead.
b - 31 stones The orc hits you with a +0 hand axe.
The orc barely misses you. The stone giant hits you!!
Ouch! That really hurt!
You die...

# #.# #..# #### # #.#
##.# ###..# # #[#####..##
#....# # #
#.........###....# # #
#..)....#.##....## ## #
#.[.....#.##....# #. #
#.......##.#...## ##.
####### #.[..o..##.#...#
#.. #.....###
#..o@...##.#..## #..
........##
#..C....###..## ##..
.........# #...∩...# #.##
#... .........# #.......#
#..# #... ........##
##.......# ##.# #...
.......## ##........##
#.## #... ......##
#..........###..# #...
.##).##
##...........###.####...
.#####
##............##.....#...


You could see a stone giant and 2 orcs.

Vanquished Creatures
  2 entropy weavers (Lair:6)
  Snorg (Lair:3)
  5 hydras
  4 catoblepae
  A two-headed ogre (D:11)
  A queen ant (Lair:6)
  9 death yaks
  2 unseen horrors
  4 lindwurms (Lair:3)
  3 cyclopes
  A wolf spider zombie (D:10)
  4 manticores
  An oklob plant (Lair:5)
  9 elephants
  A black mamba (Lair:1)
  Psyche (D:11)
  8 spiny frogs
  4 komodo dragons
  2 rime drakes
  2 trolls
  A polar bear (Lair:5)
  A hornet (D:12)
  7 dream sheep (Lair:4)
  3 slime creatures (D:12)
  15 blink frogs
  7 hippogriffs
  2 wraiths
  A spriggan (D:7)
  A wyvern (Lair:3)
  A shadow (D:11)
  A basilisk (Lair:6)
  57 yaks
  A hungry ghost (D:11)
  2 swamp worms (Lair:3)
  Menkaure (D:6)
  26 soldier ants
  12 water moccasins
  7 porcupines
  2 sky beasts
  3 orc warriors (D:9)
  4 ice beasts
  A phantom (D:9)
  2 black bears
  3 wolves (Lair:4)
  4 ogres
  A boggart (D:11)
  7 centaurs
  9 crocodiles
  A big kobold (D:6)
  A gnoll sergeant (D:6)
  16 bullfrogs
  6 scorpions
  4 killer bees (D:9)
  11 wights
  8 howler monkeys
  2 electric eels
  8 crimson imps
  3 bullfrog zombies
  9 orc priests
  A bullfrog skeleton (D:8)
  2 hounds (D:8)
  4 jellies
  2 centaur skeletons
  8 orc wizards
  2 iguanas
  23 worker ants
  A hound skeleton (D:8)
  6 gnolls
  15 adders
  A river rat (D:4)
  4 shadow imps
  2 oozes
  An adder zombie (D:7)
  3 adder skeletons
  3 worms
  A dart slug (D:1)
  8 leopard geckos
  57 orcs
  8 bats
  8 giant cockroaches
  2 gnoll zombies (D:5)
  8 goblins
  11 hobgoblins
  14 jackals
  4 quokkas
  4 ball pythons
  A ball python zombie (D:5)
  11 frilled lizards
  10 kobolds
  12 rats
553 creatures vanquished.

Vanquished Creatures (others)
  3 bushes
  28 fungi
  42 plants
73 creatures vanquished.

Grand Total: 626 creatures vanquished

Notes
Turn   | Place    | Note
-------+----------+-------------------------------------------
     0 | D:1      | DearestLeader the Gargoyle Earth Elementalist began the
                  | quest for the Orb.
     0 | D:1      | Reached XP level 1. HP: 10/10 MP: 3/3
     7 | D:1      | Reached skill level 4 in Earth Magic
   140 | D:1      | Reached XP level 2. HP: 13/15 MP: 1/5
   697 | D:2      | Reached XP level 3. HP: 19/19 MP: 6/6
   702 | D:2      | Reached skill level 5 in Earth Magic
   729 | D:2      | Learned a level 3 spell: Stone Arrow
  1207 | D:2      | Found an ancient bone altar of Kikubaaqudgha.
  1261 | D:2      | Found a snail-covered altar of Cheibriados.
  1500 | D:2      | Found a faded altar of an unknown god.
  1769 | D:2      | Reached XP level 4. HP: 24/24 MP: 7/7
  1889 | D:2      | Found a white marble altar of Elyvilon.
  1927 | D:2      | Reached skill level 6 in Earth Magic
  2135 | D:3      | Found a shimmering altar of Xom.
  2695 | D:4      | Found a staircase to the Ecumenical Temple.
  2695 | D:4      | Found the +7 sceptre of Torment {pain, torment}
  2702 | Temple   | Entered the Ecumenical Temple
  3080 | D:4      | Reached XP level 5. HP: 28/28 MP: 6/8
  3084 | D:4      | Reached skill level 7 in Earth Magic
  3238 | D:4      | Reached XP level 6. HP: 32/32 MP: 1/9
  3262 | D:4      | Found a sacrificial altar of Ru.
  3337 | D:4      | Found Junanane's Magic Scroll Shoppe.
  3375 | D:4      | Bought a scroll of identify for 26 gold pieces
  3424 | D:4      | Reached skill level 8 in Earth Magic
  3504 | D:4      | Found a large runed translucent door.
  3591 | D:4      | Found a large runed translucent door.
  3597 | D:4      | Noticed a troll
  3612 | D:4      | Reached skill level 1 in Conjurations
  3626 | D:4      | Reached XP level 7. HP: 36/36 MP: 4/10
  3665 | D:4      | Reached skill level 9 in Earth Magic
  3731 | D:4      | Found a large runed translucent door.
  3731 | D:4      | Found a large runed translucent door.
  4046 | D:4      | Got a bloodstained morningstar
  4539 | D:5      | Entered Level 5 of the Dungeon
  5103 | D:5      | Reached XP level 8. HP: 37/41 MP: 12/12
  5240 | D:5      | Learned a level 5 spell: Lee's Rapid Deconstruction
  5245 | D:5      | Learned a level 4 spell: Petrify
  5487 | D:5      | Found a basalt altar of Yredelemnul.
  5597 | D:6      | Reached skill level 10 in Earth Magic
  6141 | D:6      | Reached skill level 11 in Earth Magic
  6141 | D:6      | Reached XP level 9. HP: 29/45 MP: 2/15
  6397 | D:6      | Found an ornate altar of the Wu Jian Council.
  6750 | D:7      | Found a radiant altar of Vehumet.
  6752 | D:7      | Noticed Menkaure
  6773 | D:6      | Killed Menkaure
  6905 | D:7      | Became a worshipper of Vehumet
  7186 | D:7      | Found a burning altar of Makhleb.
  7188 | D:7      | Found a glowing silver altar of Zin.
  7188 | D:7      | Noticed an angel
  7188 | D:7      | Noticed a cacodemon
  7290 | D:7      | Reached skill level 5 in Conjurations
  7418 | D:7      | Learned a level 2 spell: Passwall
  7924 | D:8      | Reached skill level 5 in Spellcasting
  8236 | D:8      | Found a bloodstained altar of Trog.
  8238 | D:8      | Reached * piety under Vehumet
  8238 | D:8      | Offered knowledge of Magic Dart by Vehumet.
  8356 | D:8      | Reached skill level 12 in Earth Magic
  9143 | D:9      | Found a transporter.
  9143 | D:9      | Found a transporter.
  9306 | D:9      | Found a shattered altar of Ashenzari.
  9403 | D:9      | Identified the cursed +3 morningstar of Fimbulwinter {elec,
                  | *Slow rC+ MP+9 Dex+4} (You found it on level 4 of the
                  | Dungeon)
  9423 | D:9      | Reached XP level 10. HP: 48/50 MP: 14/18
  9807 | D:9      | Found a staircase to the Orcish Mines.
  9814 | D:9      | Found Ynoroeja's Armour Shoppe.
 10555 | D:4      | Got a scorched silver amulet
 10569 | D:4      | Identified the amulet "Deiwoev" {Acrobat *Corrode rElec
                  | MR+} (You found it on level 4 of the Dungeon)
 10681 | D:10     | Entered Level 10 of the Dungeon
 10686 | D:10     | Learned a level 3 spell: Mephitic Cloud
 10731 | D:10     | Offered knowledge of Foxfire by Vehumet.
 10829 | D:10     | Killed an unseen horror
 10829 | D:10     | Reached ** piety under Vehumet
 10829 | D:10     | Reached skill level 13 in Earth Magic
 10829 | D:10     | Reached skill level 1 in Poison Magic
 11351 | D:10     | Reached skill level 5 in Dodging
 11503 | D:10     | Found a shimmering altar of Xom.
 11503 | D:10     | Found a shimmering altar of Xom.
 11504 | D:10     | Found a shimmering altar of Xom.
 11505 | D:10     | Found a shimmering altar of Xom.
 11505 | D:10     | Found a shimmering altar of Xom.
 11505 | D:10     | Found a shimmering altar of Xom.
 11505 | D:10     | Found a shimmering altar of Xom.
 11648 | D:11     | Noticed a manticore
 11657 | D:11     | Killed a manticore
 11667 | D:11     | Reached XP level 11. HP: 45/54 MP: 6/20
 11680 | D:11     | Noticed an unseen horror
 11685 | D:11     | Killed an unseen horror
 11873 | D:11     | Noticed a tengu warrior
 11891 | D:11     | Reached skill level 14 in Earth Magic
 12048 | D:11     | Noticed Psyche
 12052 | D:11     | Killed Psyche
 12161 | D:11     | Offered knowledge of Static Discharge by Vehumet.
 12315 | D:11     | Noticed a two-headed ogre
 12320 | D:11     | Killed a two-headed ogre
 12446 | D:11     | Found a staircase to the Lair.
 12568 | D:11     | Noticed a cyclops
 12596 | Lair:1   | Entered Level 1 of the Lair of Beasts
 12844 | Lair:1   | Noticed a five-headed hydra
 12851 | Lair:1   | Killed a five-headed hydra
 12870 | Lair:1   | Reached *** piety under Vehumet
 14590 | Lair:2   | Reached skill level 5 in Poison Magic
 14769 | Lair:2   | Reached skill level 15 in Earth Magic
 14776 | Lair:2   | Got a blackened dagger
 14779 | Lair:2   | Reached XP level 12. HP: 59/59 MP: 8/21
 14900 | Lair:2   | Identified the cursed +1 dagger of Prudence {vorpal, *Rage
                  | Str+2 Int+3 Dex+2} (You found it on level 2 of the Lair of
                  | Beasts)
 15704 | Lair:3   | Noticed Snorg
 15902 | Lair:3   | Killed Snorg
 16053 | Lair:3   | Learned a level 2 spell: Swiftness
 16099 | Lair:3   | Offered knowledge of Frozen Ramparts by Vehumet.
 16212 | Lair:3   | Found a staircase to the Swamp.
 16219 | Lair:3   | Reached skill level 1 in Charms
 16802 | Lair:3   | Noticed a six-headed hydra
 16806 | Lair:3   | Killed a six-headed hydra
 17408 | Lair:3   | Reached skill level 16 in Earth Magic
 17413 | Lair:3   | Reached skill level 1 in Air Magic
 17438 | Lair:3   | Identified the Incunabulum of Attacks and Earth
 17826 | Lair:4   | Noticed a five-headed hydra
 17838 | Lair:4   | Killed a five-headed hydra
 17838 | Lair:4   | Reached XP level 13. HP: 33/63 MP: 8/24
 18422 | Lair:4   | Reached **** piety under Vehumet
 18525 | Lair:4   | Found a hole to the Spider Nest.
 19485 | Lair:5   | Offered knowledge of Bolt of Magma by Vehumet.
 19492 | Lair:5   | Learned a level 5 spell: Bolt of Magma
 19831 | Lair:5   | Reached skill level 10 in Conjurations
 20513 | Lair:5   | Reached ***** piety under Vehumet
 20834 | Lair:5   | Offered knowledge of Iron Shot by Vehumet.
 20981 | Lair:5   | Found a runed translucent door.
 20981 | Lair:5   | Found a viscous altar of Jiyva.
 20990 | Lair:5   | Reached skill level 17 in Earth Magic
 21162 | Lair:5   | Found a staircase to the Slime Pits.
 21411 | Lair:6   | Entered Level 6 of the Lair of Beasts
 22173 | Lair:6   | Noticed an entropy weaver
 22190 | Lair:6   | Killed an entropy weaver
 22726 | Lair:6   | Gained mutation: Your large and strong wings let you fly
                  | indefinitely. [Gargoyle growth]
 22726 | Lair:6   | Reached XP level 14. HP: 28/68 MP: 20/26
 23099 | Lair:6   | Learned a level 6 spell: Iron Shot
 23250 | Lair:6   | Identified Nenien's Guide on Mutagenic Curses
 23449 | Lair:6   | Noticed an entropy weaver
 23871 | Lair:6   | Killed an entropy weaver
 25651 | Lair:6   | Offered knowledge of Olgreb's Toxic Radiance by Vehumet.
 25911 | Lair:6   | Reached skill level 18 in Earth Magic
 27788 | D:11     | Found Caow's Distillery.
 28888 | D:12     | Reached skill level 10 in Spellcasting
 29195 | Orc:1    | Entered Level 1 of the Orcish Mines
 29233 | Orc:1    | Noticed a stone giant
 29454 | D:9      | Slain by a stone giant

Illustrated notes

Levels and vault maps discovered:
D:1:      eino_arrival_cavern_d, layout_basic
D:2:      layout_loops_corners, marbit_many_paths, old_standard_altar,
          cheibriados_altar_1, chequers_ecumenical_altar_simple_redux
D:3:      minmay_bubble_buster, layout_basic, lemuel_crystal_altar
D:4:      layout_rooms, nicolae_ru_awakened_eye,
          minmay_temple_entry_drinking_statues, serial_shops, shop_scrolls,
          portal_sewer_entry_a, minmay_hollow_rounded_squares
D:5:      layout_loops_ring, lemuel_zombie_altar_yredelemnul, first_ration
D:6:      minmay_angry_zag, layout_gridville, old_standard_altar
D:7:      layout_loops_ring, grunt_temple_overflow_order_and_chaos_2,
          vehumet_altar_wand_db, the_bakery, uniq_menkaure
D:8:      layout_basic, bloody_trog
D:9:      gammafunk_jiyva_shrine, layout_cave_pods, ashenzari_altar_1,
          orc_david_3
D:10:     layout_roguey, xom_redecorated
D:11:     minmay_cornered_nines, layout_cave_pools, lair_entry_dummy,
          serial_shops, shop, uniq_psyche
D:12:     layout_roguey
Temple:   minmay_temple_curvy_loop
Lair:1:   layout_layer_cave, lemuel_fruit_tree, lemuel_fruit_fields,
          serial_bayou_shore_b, infiniplex_staircase_pool
Lair:2:   layout_regular_city, grunt_megastairs_4
Lair:3:   layout_chaotic_city, minmay_swamp_entry_worms, minmay_lindwurm_lava,
          serial_bayou_shore_a, uniq_snorg
Lair:4:   layout_small_grid, spider_nest_entry_web_field
Lair:5:   layout_cellular_growth, slime_altar_2, nicolae_lair_yak_garden,
          minmay_lair_oklob_chamber
Lair:6:   evilmike_catoblepas_cave, layout_layer_cave, minivault_29
Orc:1:    layout_caves, basic_altar, mines_bat_river

Skill      XL: |  1  2  3  4  5  6  7  8  9 10 11 12 13 14 |
---------------+-------------------------------------------+-----
Earth Magic    | 4 5 6 7 8 9 11 12 13 15 16 17 18 | 18.4
Conjurations   | 1 2 4 5 7 8 9 10 11 | 11.6
Spellcasting   | 3 4 5 6 7 8 10 | 10.0
Dodging        | 2 4 5 6 7 8 9 |  9.0
Poison Magic   | 3 5 |  5.6
Charms         | 3 4 |  4.0
Air Magic      | 1 3 |  3.0
Stealth        | |  2.1
Transmutations | |  0.7

Action                   |  1- 3 |  4- 6 |  7- 9 | 10-12 | 13-15 || total
-------------------------+-------+-------+-------+-------+-------++-------
Melee: Unarmed           |     8 |       |       |       |       ||     8
       Short sword       |    79 |    74 |   403 |   141 |   258 ||   955
       Rapier            |       |       |    24 |       |       ||    24
Throw: Stone             |       |       |       |       |     2 ||     2
 Cast: Sandblast         |    30 |    39 |    71 |   219 |   153 ||   512
       Stone Arrow       |       |       |    26 |    70 |   239 ||   335
       Lee's Rapid Decon |       |       |     2 |    13 |    50 ||    65
       Petrify           |       |       |       |     2 |     5 ||     7
       Mephitic Cloud    |       |       |       |    17 |    20 ||    37
       Swiftness         |       |       |       |       |     8 ||     8
       Passwall          |       |       |       |       |     1 ||     1
       Iron Shot         |       |       |       |       |    40 ||    40
       Bolt of Magma     |       |       |       |       |     8 ||     8
  Use: Scroll            |       |     1 |     8 |     9 |     8 ||    26
       Potion            |       |       |       |     3 |     3 ||     6
 Stab: Sleeping          |     7 |     4 |     3 |     1 |       ||    15
  Eat: Chunk             |     3 |     7 |    20 |    19 |    30 ||    79
       Ration            |       |       |       |     4 |     9 ||    13
Armor: Robe              |    26 |    28 |   138 |    98 |   160 ||   450
Dodge: Dodged            |    59 |    50 |   282 |   215 |   371 ||   977
       Repelled          |     1 |       |     9 |     9 |     8 ||    27
